 Dungeon Crawl Stone Soup version 0.28.0-53-g5a82cb258f (webtiles) character file.

Game seed: 16043930233430148063

10925 Eitelfritz the Zephyrmancer (level 11, -1/62 HPs)
             Began as a Tengu Air Elementalist on May 23, 2022.
             Was a Believer of Vehumet.
             Slain by a death yak (14 damage)
             ... on level 10 of the Dungeon.
             The game lasted 00:58:05 (11225 turns).

Eitelfritz the Zephyrmancer (TeAE)                 Turns: 11225, Time: 00:58:06

Health: -1/62      AC:  7    Str: 11    XL:     11   Next: 69%
Magic:  15/33      EV: 17    Int: 17    God:    Vehumet [**....]
Gold:   288        SH:  0    Dex: 15    Spells: 8/26 levels left

rFire   + . .      SeeInvis .   a - +2 halberd
rCold   . . .      Faith    .   (shield currently unavailable)
rNeg    . . .      Spirit   .   t - +2 robe {rF+}
rPois   .          Reflect  .   (helmet restricted)
rElec   .          Harm     .   (no cloak)
rCorr   .          Rampage  .   l - +2 pair of gloves
Will    .....                   (boots unavailable)
Stlth   +++.......              g - amulet of regeneration
HPRegen 1.00/turn               r - ring of magical power
MPRegen 0.23/turn               (no ring)

@: about to teleport, flying quickly and evasively, quick
A: beak, talons 3, nimble flight
a: Renounce Religion


You were on level 10 of the Dungeon.
You worshipped Vehumet.
Vehumet was pleased with you.
You visited 2 branches of the dungeon, and saw 11 of its levels.
You also visited: Ossuary.

You collected 510 gold pieces.
You spent 222 gold pieces at shops.

Inventory:

Hand Weapons
 a - a +2 halberd (weapon)
 i - the +7 dagger "Asorhotu" {vamp, rElec rF++ Str-2}
   (You found it on level 2 of the Dungeon)

   It occasionally heals its wielder for a portion of the damage dealt when it
   wounds a living foe.
   Str:       It affects your strength (-2).
   rF:        It greatly protects you from fire.
   rElec:     It insulates you from electricity.
 s - a +1 spear
 z - a +4 scimitar of flaming
 C - the +4 dagger "Morg" {pain, Will+ Int+5}
   (You found it on level 7 of the Dungeon)

   In the hands of one skilled in necromantic magic, it inflicts extra damage on
   living creatures.
   Int:       It affects your intelligence (+5).
   Will:      It increases your willpower.
Missiles
 B - 9 poisoned darts
Armour
 l - a +2 pair of gloves (worn)
 t - a +2 robe of fire resistance (worn)
 D - a +0 robe of willpower
 I - +0 steam dragon scales
Jewellery
 g - an amulet of regeneration (around neck)
 r - a ring of magical power (left hand)
 A - an amulet of guardian spirit
Wands
 d - a wand of charming (7)
 m - a wand of iceblast (5)
 o - a wand of mindburst (10)
 E - a wand of flame (10)
 F - a wand of polymorph (5)
Scrolls
 p - 2 scrolls of amnesia
 v - 3 scrolls of fear
 x - a scroll of fog
 y - a scroll of magic mapping
 G - 2 scrolls of identify
 H - 2 scrolls of immolation
Potions
 b - 2 potions of might
 c - 3 potions of berserk rage
 e - 3 potions of mutation
 h - 3 potions of invisibility
 j - 10 potions of curing
 k - a potion of resistance
 q - 2 potions of flight
 u - a potion of ambrosia
 w - 2 potions of attraction


   Skills:
 + Level 4.3 Fighting
 + Level 7.8 Polearms
 + Level 6.0 Dodging
 + Level 4.5 Stealth
 + Level 8.2 Spellcasting
 + Level 10.7 Conjurations
 + Level 1.2 Hexes
 + Level 1.4 Ice Magic
 + Level 11.5 Air Magic


You had 8 spell levels left.
You knew the following spells:

 Your Spells              Type           Power      Damage    Failure   Level
a - Shock                 Conj/Air       100%       1d9       1%          1
b - Static Discharge      Conj/Air       44%        N/A       1%          2
c - Swiftness             Air            46%        N/A       1%          3
d - Airstrike             Air            23%        N/A       1%          4
e - Ensorcelled Hibernat  Hex/Ice        22%        N/A       9%          2
f - Passwall              Tmut/Erth      5%         N/A       16%         2
g - Freeze                Ice            44%        1d6       5%          1
h - Inner Flame           Hex/Fire       9%         N/A       24%         3

Your spell library contained the following spells:

 Spells                   Type           Power      Damage    Failure   Level
 Sandblast                Erth           14%        2d6       11%         1
 Cause Fear               Hex            5%         N/A       52%         4
 Discord                  Hex            5%         N/A       100%        8


Dungeon Overview and Level Annotations

Branches:
Dungeon (10/15)            Temple (1/1) D:5            Lair (0/6) D:10
Ossuary (visited)
    Orc: D:9-12

Altars:
Ashenzari
Cheibriados
Dithmenos
Elyvilon
Fedhas
Gozag
Hepliaklqana
Kikubaaqudgha
Makhleb
Nemelex Xobeh
Okawaru
Qazlal
Ru
Sif Muna
Trog
Vehumet
Wu Jian
Xom
Yredelemnul
Zin
The Shining One

Shops:
D:4 *[   D:5 [*   D:7 *

Annotations:
D:8 1 runed translucent door, jaiteiro's ghost, novice MiFi


Innate Abilities, Weirdness & Mutations

You have a beak for a mouth.
You have claws for feet.
Your magical nature lets you fly swiftly and evasively.


Message History

Confirm with . or Enter, or press ? or * to list all spells.
The death yak is struck by an arc of lightning!
The death yak is almost dead.
The death yak is struck by an arc of lightning.
The death yak is moderately wounded.
The death yak is struck by an arc of lightning!
The death yak is almost dead.
The lightning grounds out.
The death yak closely misses you.
Casting: Static Discharge (safe; 1% risk of failure)
Confirm with . or Enter, or press ? or * to list all spells.
The death yak is struck by an arc of lightning.
You kill the death yak!
Vehumet accepts your kill.
The lightning grounds out.
Your Dodging skill increases to level 6!
Casting: Static Discharge (safe; 1% risk of failure)
Confirm with . or Enter, or press ? or * to list all spells.
The death yak is struck by an arc of lightning!
The death yak is moderately wounded.
You are struck by an arc of lightning.
* * * LOW HITPOINT WARNING * * *
The death yak is struck by an arc of lightning.
The death yak is moderately wounded.
You are struck by an arc of lightning.
* * * LOW HITPOINT WARNING * * *
The lightning grounds out.
The death yak completely misses you.
Okay, then.
As you read the scroll of teleportation, it crumbles to dust.
You feel strangely unstable. The death yak gores you.
* * * LOW HITPOINT WARNING * * *
Reach: a) +2 halberd
Press: ? - help, Dir - move target, f/p - death yak
Aim: a death yak (moderately wounded, about 21% to evade your +2 halberd)
Okay, then.
Unknown command.
There are no items here.
Unknown command.
As you open the door, it creaks loudly! The death yak gores you!
You die...

###### #.........#
#.....'.# #### #.........#
#.....### .O.# ##'########
###'### ##'## #..## ##..#
....# ##..# #..## ## ....#
#####'#### ##'#######.
)...#
#........########.......#..
....#
#........##.....'.......#..
....#
#........'@Y#####.......'Y.
....###........####
#.......##.
....#.'........#
#..........
....+.#........#
#.......#..
....######'#####
##'#######. #'### #.## #..#
#. ..# #..# #.## #. '##
##.# ##.##### #. <.# #.#
#......# ##


You could see a death yak.

Vanquished Creatures
  3 two-headed ogres
  2 death yaks (D:10)
  Pikel (D:7)
  3 trolls
  A hornet (D:8)
  A shadow (D:8)
  A wyvern (D:6)
  12 yaks
  2 steam dragons (D:9)
  4 orc warriors
  2 water moccasins
  An ice beast (D:6)
  2 centaurs (D:9)
  5 ogres
  2 kobold brigands (D:7)
  3 bullfrogs
  Blork the orc (D:5)
  2 elf zombies (Ossuary)
  2 gnoll sergeants
  A wyvern zombie (D:7)
  6 scorpions
  A wyvern skeleton (D:7)
  2 water moccasin skeletons
  8 killer bees
  3 wights (D:8)
  A howler monkey (D:6)
  A crimson imp (D:4)
  A bullfrog zombie (D:6)
  5 centaur zombies
  4 hounds
  3 jellies
  2 centaur skeletons
  2 orc priests
  3 human zombies (Ossuary)
  Jessica (D:2)
  2 iguanas (D:4)
  6 orc wizards
  3 mummies
  A howler monkey zombie (D:8)
  A howler monkey skeleton (D:5)
  11 gnolls
  5 adders
  A river rat (D:10)
  An ufetubus (D:6)
  An adder zombie (Ossuary)
  A worm (D:4)
  A dart slug (D:5)
  17 orcs
  6 ball pythons
  6 endoplasms
  2 giant cockroaches
  11 goblins
  2 hobgoblins
  4 jackals
  3 quokkas
  5 bats
  3 frilled lizards (D:1)
  A goblin skeleton (D:4)
  A goblin zombie (Ossuary)
  14 hobgoblin zombies
  A jackal zombie (Ossuary)
  14 kobolds
  A kobold skeleton (D:4)
  10 kobold zombies (Ossuary)
  An orc skeleton (D:4)
  9 orc zombies
  7 rats
  A rat zombie (Ossuary)
247 creatures vanquished.

Vanquished Creatures (others)
  Erica (D:9)
  5 plants (D:3)
  5 withered plants
11 creatures vanquished.

Grand Total: 258 creatures vanquished

Notes
Turn   | Place    | Note
-------+----------+-------------------------------------------
     0 | D:1      | Eitelfritz the Tengu Air Elementalist began the quest for
                  | the Orb.
     0 | D:1      | Reached XP level 1. HP: 10/10 MP: 4/4
   308 | D:1      | Reached XP level 2. HP: 15/15 MP: 0/6
  1086 | D:2      | Identified the +7 dagger "Asorhotu" {vamp, rElec rF++
                  | Str-2}
  1263 | D:2      | Reached XP level 3. HP: 19/19 MP: 4/7
  1368 | D:2      | Noticed Jessica
  1376 | D:2      | Killed Jessica
  1377 | D:2      | Reached skill level 5 in Air Magic
  2105 | D:3      | Reached XP level 4. HP: 16/24 MP: 4/9
  2152 | D:3      | Learned a level 2 spell: Static Discharge
  2156 | D:3      | Learned a level 3 spell: Swiftness
  2197 | D:3      | Gained mutation: Your magical nature lets you fly swiftly
                  | and evasively. [Tengu growth]
  2197 | D:3      | Reached XP level 5. HP: 28/28 MP: 4/10
  2607 | D:3      | Found a faded altar of an unknown god.
  2774 | D:3      | Learned a level 4 spell: Airstrike
  3072 | D:4      | Found Mova's Antique Armour Shoppe.
  3163 | D:4      | Reached XP level 6. HP: 32/32 MP: 4/12
  3251 | D:4      | Reached skill level 1 in Polearms
  3251 | D:4      | Reached skill level 6 in Air Magic
  3332 | D:4      | Found a glowing golden altar of the Shining One.
  3725 | D:4      | Found Zin's Purification Station.
  3725 | D:4      | Found a glowing silver altar of Zin.
  3888 | D:4      | Noticed a water moccasin
  3894 | D:4      | Killed a water moccasin
  3895 | D:4      | Reached XP level 7. HP: 37/37 MP: 7/13
  4323 | D:4      | Learned a level 2 spell: Ensorcelled Hibernation
  4362 | D:5      | Entered Level 5 of the Dungeon
  4492 | D:5      | Found a staircase to the Ecumenical Temple.
  4527 | D:5      | Reached skill level 5 in Conjurations
  4531 | D:5      | Found Zuudwororgh's Assorted Antiques.
  4550 | D:5      | Bought a scroll labelled GUZUWI ANUSTU for 23 gold pieces
  4565 | D:5      | Bought a scroll of identify for 46 gold pieces
  4565 | D:5      | Bought a scroll of identify for 46 gold pieces
  4623 | D:5      | Found an ornate altar of the Wu Jian Council.
  4625 | D:5      | Found a bloodstained altar of Trog.
  4636 | D:5      | Found a sand-covered staircase.
  4648 | Ossuary  | Entered an ossuary
  4773 | Ossuary  | Learned a level 2 spell: Passwall
  5004 | Ossuary  | Reached skill level 7 in Air Magic
  5004 | Ossuary  | Reached XP level 8. HP: 41/42 MP: 15/15
  5249 | Ossuary  | Reached skill level 1 in Fighting
  5415 | D:5      | Noticed Blork the orc
  5433 | D:5      | Killed Blork the orc
  5434 | D:5      | Reached skill level 5 in Spellcasting
  5666 | D:5      | Found Gual's Antique Armour Shoppe.
  5671 | D:5      | Bought a runed robe for 107 gold pieces
  5965 | Temple   | Entered the Ecumenical Temple
  6020 | Temple   | Became a worshipper of Vehumet
  6227 | D:6      | Noticed a wyvern
  6243 | D:6      | Killed a wyvern
  6244 | D:6      | Reached skill level 8 in Air Magic
  6288 | D:6      | Reached XP level 9. HP: 13/48 MP: 18/18
  6898 | D:6      | Reached skill level 5 in Polearms
  7083 | D:7      | Reached skill level 1 in Hexes
  7144 | D:7      | Reached * piety under Vehumet
  7144 | D:7      | Offered knowledge of Freeze by Vehumet.
  7301 | D:7      | Noticed Pikel
  7309 | D:7      | Killed Pikel
  7310 | D:7      | Reached skill level 5 in Dodging
  7310 | D:7      | Reached skill level 9 in Air Magic
  7310 | D:7      | Reached XP level 10. HP: 44/54 MP: 20/20
  7505 | D:7      | Learned a level 1 spell: Freeze
  7509 | D:7      | Found Wahec's General Store.
  7621 | D:7      | Found the +4 dagger "Morg" {pain, Will+ Int+5}
  7673 | D:7      | Identified the -5 buckler of Day {Fly Stlth+}
  7992 | D:8      | Reached skill level 1 in Ice Magic
  8369 | D:8      | Found a runed translucent door.
  8369 | D:8      | Noticed jaiteiro's ghost (novice MiFi)
  8792 | D:9      | Paralysed by a hornet for 2 turns
  8806 | D:8      | Paralysed by a hornet for 1 turns
  8962 | D:9      | Noticed Erica
  8979 | D:9      | Killed Erica
  9161 | D:9      | Learned a level 3 spell: Inner Flame
  9221 | D:9      | Reached skill level 10 in Air Magic
  9538 | D:9      | Reached XP level 11. HP: 55/60 MP: 23/23
  9656 | D:9      | Reached ** piety under Vehumet
  9656 | D:9      | Offered knowledge of Sandblast by Vehumet.
 10038 | D:10     | Entered Level 10 of the Dungeon
 10045 | D:10     | Noticed a two-headed ogre
 10076 | D:10     | Killed a two-headed ogre
 10077 | D:10     | Reached skill level 10 in Conjurations
 10139 | D:10     | Noticed a two-headed ogre
 10142 | D:10     | Noticed a two-headed ogre
 10229 | D:9      | Killed a two-headed ogre
 10557 | D:9      | Killed a two-headed ogre
 10558 | D:9      | Reached skill level 11 in Air Magic
 10778 | D:10     | Noticed a +0 dagger
 10779 | D:10     | Noticed a +0 dagger
 10780 | D:10     | Noticed a +0 short sword
 10780 | D:10     | Noticed a +0 falchion
 10781 | D:10     | Noticed a +0 spear
 10781 | D:10     | Noticed a +0 short sword
 10781 | D:10     | Noticed a +0 spear
 10782 | D:10     | Noticed a +0 falchion
 11009 | D:10     | Noticed a death yak
 11043 | D:10     | Noticed a death yak
 11044 | D:10     | Killed a death yak
 11044 | D:10     | Noticed a death yak
 11102 | D:10     | Found a staircase to the Lair.
 11220 | D:10     | Killed a death yak
 11225 | D:10     | Slain by a death yak

Illustrated notes

Levels and vault maps discovered:
D:1:      noname_arrival_rooms_in_the_neighbourhood, layout_loops_ring,
          supply_closet_lemuel, amcnicky_mini_rare_corridor_liquid
D:2:      layout_basic, uniq_jessica
D:3:      layout_basic, shapermc_ecumenical_altar_flowoftime, chequers_big_river
D:4:      layout_layer_cave, nicolae_tso_besieged_by_evil, zin_purify,
          serial_shops, nicolae_shop_overgrown_old_shop,
          minmay_misc_feat_nine_boxes
D:5:      cheibrodos_iron_armory, layout_basic,
          mainiacjoe_overflow_catwalk_spiral, minmay_temple_entry_waves,
          serial_shops, kennysheep_little_box, shop, gup_ossuary_entry_pyramid,
          minmay_ogre_servants, uniq_blork_the_orc
D:6:      layout_basic
D:7:      layout_rooms, serial_shops, nicolae_shop_hallway_stairs,
          minmay_misc_feat_square, corexii_leaking_fountain, uniq_pikel
D:8:      layout_loops_corners, gammafunk_ghost_grave
D:9:      layout_rooms, chequers_serial_rivers_room_a, minmay_crystal_room,
          uniq_erica
D:10:     layout_roguey, nicolae_uskayaw_en_pointe, dpeg_lair_monsters,
          grunt_ministairs_13
Temple:   minmay_crystal_spiral_temple

Skill      XL: |  1  2  3  4  5  6  7  8  9 10 11 |
---------------+----------------------------------+-----
Conjurations   | 2 3 4 5 6 7 9 10 | 10.7
Air Magic      | 5 6 7 8 9 10 11 | 11.5
Spellcasting   | 3 4 5 6 7 8 |  8.2
Polearms       | 2 4 6 7 |  7.8
Dodging        | 3 5 6 |  6.0
Stealth        | 3 4 |  4.5
Fighting       | 1 2 3 4 |  4.3
Hexes          | 1 |  1.2
Ice Magic      | 1 |  1.4

Action                   |  1- 3 |  4- 6 |  7- 9 | 10-12 || total
-------------------------+-------+-------+-------+-------++-------
Melee: Spear             |    26 |    55 |    35 |       ||   116
       Kick              |     8 |    14 |    36 |    26 ||    84
       Peck              |     5 |     8 |    17 |    17 ||    47
       Punch             |     1 |     1 |       |       ||     2
       Halberd           |       |       |    88 |    80 ||   168
 Cast: Shock             |    58 |    77 |   211 |   210 ||   556
       Static Discharge  |       |     4 |    24 |    37 ||    65
       Ensorcelled Hiber |       |       |     5 |     5 ||    10
       Freeze            |       |       |       |     1 ||     1
  Use: Scroll            |       |     9 |     7 |     9 ||    25
       Potion            |       |     2 |       |     4 ||     6
 Stab: Sleeping          |       |     1 |     2 |       ||     3
       Distracted        |       |       |     2 |       ||     2
Armor: Robe              |     8 |    16 |    41 |    35 ||   100
Dodge: Dodged            |    18 |    45 |   139 |   197 ||   399
